 Dungeon Crawl Stone Soup version 0.24.0-123-gd5b16e6ec5 (webtiles) character file.

Game seed: 16542389408838114518, levelgen mode: deterministic

91 FishyPogo the Charmwright (level 4, -9/38 HPs)
             Began as a Gnoll Skald on Dec 19, 2019.
             Was a Follower of Qazlal.
             Mangled by an orc warrior
             ... wielding a +0 dire flail
              (17 damage)
             ... on level 3 of the Dungeon.
             The game lasted 00:03:36 (1246 turns).

FishyPogo the Charmwright (Gnoll Skald)             Turns: 1246, Time: 00:03:37

Health: -9/38      AC:  3    Str: 14    XL:     4   Next: 59%
Magic:  4/11       EV: 14    Int: 15    God:    Qazlal [*.....]
Gold:   98         SH:  1    Dex: 15    Spells: 2/13 levels left

rFire    . . .     SeeInvis .   a - +0 falchion
rCold    . . .     Gourm    .   (no shield)
rNeg     . . .     Faith    .   b - +0 leather armour
rPois    .         Spirit   .   (no helmet)
rElec    .         Reflect  .   (no cloak)
rCorr    .         Harm     .   (no gloves)
MR       .....                  (no boots)
Stlth    ++........             (no amulet)
HPRegen  0.12/turn              (no ring)
MPRegen  0.12/turn              (no ring)

@: very slightly contaminated
A: distributed training, fangs 1, strong nose
a: Renounce Religion


You were on level 3 of the Dungeon.
You worshipped Qazlal.
Qazlal was aware of your devotion.
You were hungry.

You visited 1 branch of the dungeon, and saw 3 of its levels.

You collected 98 gold pieces.

Inventory:

Hand Weapons
 a - a +0 falchion (weapon)
Missiles
 e - 81 stones (quivered)
Armour
 b - a +0 leather armour (worn)
 i - a +1 robe of the Archmagi
Jewellery
 o - a cursed ring of wizardry {unknown}
Scrolls
 f - 2 scrolls of random uselessness {unknown}
 j - a scroll of fear {unknown}
 k - a scroll of identify {unknown}
 n - 2 scrolls of teleportation {unknown}
 q - a scroll of enchant weapon {unknown}
 t - a scroll of amnesia {unknown}
 u - a scroll of remove curse {unknown}
 v - a scroll of magic mapping {unknown}
Potions
 g - a potion of resistance {unknown}
 h - a potion of invisibility {unknown}
 l - a potion of berserk rage {unknown}
 m - a potion of heal wounds {unknown}
 p - a potion of ambrosia {unknown}
 r - a potion of haste {unknown}
 s - a potion of degeneration {unknown}
Comestibles
 d - 4 rations


   Skills:
 + Level 4.6 Fighting
 + Level 1.1 Short Blades
 + Level 4.6 Long Blades
 + Level 1.1 Axes
 + Level 1.1 Maces & Flails
 + Level 1.1 Polearms
 + Level 1.1 Staves
 + Level 1.1 Slings
 + Level 1.1 Bows
 + Level 1.1 Crossbows
 + Level 1.1 Throwing
 + Level 2.7 Armour
 + Level 4.6 Dodging
 + Level 1.1 Stealth
 + Level 1.1 Shields
 + Level 1.1 Unarmed Combat
 + Level 5.1 Spellcasting
 + Level 0.9 Conjurations
 + Level 0.9 Hexes
 + Level 5.4 Charms
 + Level 0.9 Summonings
 + Level 0.9 Necromancy
 + Level 0.9 Translocations
 + Level 0.9 Transmutations
 + Level 0.9 Fire Magic
 + Level 0.9 Ice Magic
 + Level 0.9 Air Magic
 + Level 0.9 Earth Magic
 + Level 0.9 Poison Magic
 + Level 1.2 Invocations
 + Level 1.1 Evocations


You had 2 spell levels left.
You knew the following spells:

 Your Spells              Type           Power        Failure   Level  Hunger
h - Regeneration          Chrm/Necr      ##........   16%         3    ###....
n - Spectral Weapon       Hex/Chrm       ##......     16%         3    ###....
p - Shroud of Golubria    Chrm/Tloc      ##....       9%          2    ##.....
u - Song of Slaying       Chrm           ###.....     3%          2    ##.....
y - Infusion              Chrm           ###.         1%          1    None

Your spell library contained the following spells:

 Spells                   Type           Power        Failure   Level  Hunger


Dungeon Overview and Level Annotations

Branches:
Dungeon (3/15)

Altars:
Fedhas
Qazlal


Innate Abilities, Weirdness & Mutations

Your experience applies equally to all skills.
You have very sharp teeth.
Your uncanny sense of smell can sniff out nearby items.


Message History

Throwing (i - inventory)
e - 82 stones (quivered)
Press: ? - help, Shift-Dir - straight line, f - orc warrior
Aim: an orc warrior, wielding a +0 dire flail and wearing a +0 chain mail You throw a stone.
The stone hits the orc warrior!
The orc warrior is moderately wounded.
Your song has ended.
You barely miss the orc warrior.
The orc warrior is moderately wounded.
You feel sick.
You are no longer poisoned.
Your spectral weapon closely misses the orc warrior.
The orc wizard mumbles some strange words.
The orc wizard blinks!
The orc warrior closely misses you.
You riposte.
You barely miss the orc warrior.
The orc warrior is moderately wounded.
You closely miss the orc warrior.
The orc warrior is moderately wounded.
Your spectral weapon closely misses the orc warrior.
The orc warrior hits you with a +0 dire flail!
You die...

..# #.. ###.#
#...# ###.#.# #
#...#)###.# #
#(()<..#
..###.##((#####
#..o.(oo@†..#
###..#..###.# #
#... >.# ...##.
.g. .### ..
.... .. ∆ ..
.... . .......
...


You could see an orc warrior, an orc wizard, an orc and a friendly spectral +0
falchion.

Vanquished Creatures
  3 adders
  An ooze (D:2)
  A leopard gecko (D:1)
  3 orcs (D:3)
  2 ball pythons
  5 giant cockroaches
  9 goblins
  10 hobgoblins
  5 kobolds
  6 bats
  2 frilled lizards (D:2)
  5 rats
52 creatures vanquished.

Notes
Turn   | Place    | Note
-------+----------+-------------------------------------------
     0 | D:1      | FishyPogo the Gnoll Skald began the quest for the Orb.
     0 | D:1      | Reached XP level 1. HP: 20/20 MP: 6/6
    42 | D:1      | Reached XP level 2. HP: 25/26 MP: 0/7
    46 | D:1      | Learned a level 2 spell: Song of Slaying
    49 | D:1      | Learned a level 2 spell: Shroud of Golubria
   561 | D:1      | Reached XP level 3. HP: 31/31 MP: 9/9
   566 | D:1      | Learned a level 3 spell: Regeneration
   570 | D:1      | Learned a level 3 spell: Spectral Weapon
   611 | D:2      | Found a stormy altar of Qazlal.
   617 | D:2      | Found a blossoming altar of Fedhas.
   619 | D:2      | Became a worshipper of Qazlal Stormbringer
   625 | D:2      | Reached skill level 5 in Spellcasting
   681 | D:2      | Reached skill level 1 in Invocations
   784 | D:2      | Reached skill level 1 in Short Blades
   784 | D:2      | Reached skill level 1 in Axes
   784 | D:2      | Reached skill level 1 in Maces & Flails
   784 | D:2      | Reached skill level 1 in Polearms
   784 | D:2      | Reached skill level 1 in Staves
   784 | D:2      | Reached skill level 1 in Slings
   784 | D:2      | Reached skill level 1 in Bows
   784 | D:2      | Reached skill level 1 in Crossbows
   784 | D:2      | Reached skill level 1 in Throwing
   784 | D:2      | Reached skill level 1 in Stealth
   784 | D:2      | Reached skill level 1 in Shields
   784 | D:2      | Reached skill level 1 in Unarmed Combat
   784 | D:2      | Reached skill level 1 in Evocations
   849 | D:2      | Reached XP level 4. HP: 35/38 MP: 11/11
  1228 | D:3      | Reached * piety under Qazlal
  1239 | D:3      | Noticed an orc warrior
  1246 | D:3      | Mangled by an orc warrior

Levels and vault maps discovered:
D:1:      shiori_arrival_oz, layout_loops_ring
D:2:      layout_basic, grunt_temple_overflow_forces_of_nature, first_ration,
          minmay_pentomino_q2
D:3:      layout_rooms, nicolae_gozag_zags_fifth_avenue,
          nicolae_ru_path_of_blood

Skill      XL: |  1  2  3 |
---------------+----------+-----
Spellcasting   | 5 |  5.1
Invocations    | 1 |  1.2
Short Blades   | 1 |  1.1
Axes           | 1 |  1.1
Maces & Flails | 1 |  1.1
Polearms       | 1 |  1.1
Staves         | 1 |  1.1
Slings         | 1 |  1.1
Bows           | 1 |  1.1
Crossbows      | 1 |  1.1
Throwing       | 1 |  1.1
Stealth        | 1 |  1.1
Shields        | 1 |  1.1
Unarmed Combat | 1 |  1.1
Evocations     | 1 |  1.1
Fighting       | |  4.6
Long Blades    | |  4.6
Armour         | |  2.7
Dodging        | |  4.6
Conjurations   | |  0.9
Hexes          | |  0.9
Charms         | |  5.4
Summonings     | |  0.9
Necromancy     | |  0.9
Translocations | |  0.9
Transmutations | |  0.9
Fire Magic     | |  0.9
Ice Magic      | |  0.9
Air Magic      | |  0.9
Earth Magic    | |  0.9
Poison Magic   | |  0.9

Action                   |  1- 3 |  4- 6 || total
-------------------------+-------+-------++-------
Melee: Falchion          |    87 |    28 ||   115
       Bite              |     8 |     5 ||    13
Throw: Stone             |       |     4 ||     4
 Cast: Infusion          |     1 |       ||     1
       Regeneration      |     1 |       ||     1
       Shroud of Golubri |       |     1 ||     1
       Song of Slaying   |       |     1 ||     1
       Spectral Weapon   |       |     1 ||     1
  Use: Scroll            |     1 |       ||     1
 Stab: Sleeping          |     2 |       ||     2
  Eat: Chunk             |       |     1 ||     1
Armor: Leather armour    |    22 |    11 ||    33
Dodge: Dodged            |    86 |    17 ||   103
       Rpst.: Falchion   |    29 |     7 ||    36
